AoeStats
← pablo5256

Arabia

510699231Analyzed
1v1 RM · 1d ago on Oct 2, 2026· 57m 53s· 2 players
Game mode
Random Map
Map size
Tiny (2 player)
Population
200
Speed
Normal
Resources
Standard
Victory
Conquest
Starting age
Dark Age
Ending age
Imperial Age
RankedLock teamsTeams togetherTeam positionsShared explorationLock speedFull tech treeHidden civsTurbo modeCheats
Victory
Defeat
🇲🇽 Sicilians · Mexico
1250
+18
🇲🇽 Vietnamese · Mexico
1284
-18
deimmossq
6:52 Loom
9:42 Feudal Age
10:22 Double-Bit Axe
12:52 Fletching
19:24 Wheelbarrow
18:55 Padded Archer Armor
21:55 Castle Age
20:09 Horse Collar
20:20 Gold Mining
22:33 Bodkin Arrow
22:49 Thumb Ring
23:00 Bow Saw
25:02 Leather Archer Armor
27:27 Ballistics
27:26 Town Watch
33:12 Heavy Plow
34:27 Husbandry
34:37 Bloodlines
39:11 Imperial Age
37:59 Hand Cart
37:46 Town Patrol
37:24 Light Cavalry
38:13 Scale Barding Armor
38:18 Forging
39:52 Bracer
41:09 Chemistry
39:49 Heavy Cavalry Archer
51:13 Ring Archer Armor
51:04 Chain Barding Armor
pablo5256
6:56 Loom
9:32 Feudal Age
11:39 Horse Collar
13:03 Double-Bit Axe
22:56 Castle Age
21:40 Scale Barding Armor
23:48 Bloodlines
23:41 Scale Mail Armor
24:05 Chain Barding Armor
23:40 Gold Mining
23:56 Heavy Plow
26:21 Husbandry
28:15 Wheelbarrow
27:41 Town Watch
28:48 Forging
32:16 Hand Cart
36:44 Imperial Age
35:03 Iron Casting
37:41 Hauberk
37:00 Cavalier
38:18 Plate Barding Armor
38:48 Gold Shaft Mining
40:02 Blast Furnace
41:26 Town Patrol
41:37 Stone Mining
41:18 Light Cavalry
43:31 Conscription
44:34 Fletching
45:48 Bodkin Arrow
51:15 Siege Engineers
53:18 Bracer
53:36 Bow Saw
54:31 Scale Mail Armor
55:54 Chain Mail Armor
56:07 Masonry
56:58 Chemistry
56:18 Ballistics
Connection lost

Rejoining the realm…

Still unreachable

The connection could not be restored.

Session expired

The server has moved on; the page needs a fresh start.